 Dungeon Crawl Stone Soup version 0.31-a0-1068-g5939ac1fb6 (webtiles) character file.

Game seed: 12145288785674285221

113846 Bizboz the Gelid (level 17, -9/94 HPs)
             Began as a Djinni Fire Elementalist on Nov 23, 2023.
             Was the Champion of Qazlal.
             Mangled by a +4 halberd of pain (25 damage)
             ... on level 2 of the Elven Halls.
             The game lasted 03:46:42 (28009 turns).

Bizboz the Gelid (Djinni Fire Elementalist)        Turns: 28009, Time: 03:46:43

Health: -9/94      AC: 14    Str: 13    XL:     17   Next: 19%
Gold:   1142       EV: 21    Int: 29    God:    Qazlal [******] SH:  8 Dex: 17

rFire   + + .        h - +0 mace of the Noxious God {venom, rN++}
rCold   + . .        (no shield)
rNeg    + + .        R - +3 troll leather armour
rPois   ∞            C - +2 hat
rElec   .            S - +0 cloak {rC+}
rCorr   .            (no gloves)
SInv    +            (boots unavailable)
Will    +....        T - amulet of regeneration
Stlth   +            o - ring of Febreivo {rC+ Str+6 Int+4 Dex+3}
HPRegen 1.95/turn    U - ring of see invisible
MPRegen 0.00/turn

%: repel missiles, infuse magic (-10 HP)
@: protected from physical damage, flying, studying Ice Magic
A: sickness immunity, fire resistance 2, cold vulnerability 1, float, innate
caster, HP casting, extra vitality 1
a: Renounce Religion, Upheaval, Elemental Force, Disaster Area


You were on level 2 of the Elven Halls.
You worshipped Qazlal.
Qazlal was exalted by your worship.
You visited 5 branches of the dungeon, and saw 22 of its levels.
You also visited: Ice Cave and Volcano.

You collected 2335 gold pieces.
You spent 1193 gold pieces at shops.

Inventory:

Hand Weapons
 h - the +0 mace of the Noxious God (weapon) {venom, rN++}
   (You found it on level 2 of the Dungeon)

   rN++:      It greatly protects you from negative energy.
 N - the +8 whip "Snakebite" {venom, curare, rPois}
   (You found it on level 4 of the Lair of Beasts)

   rPois:     It protects you from poison
Armour
 x - a +0 robe of resistance
 C - a +2 hat (worn)
 F - a +3 leather armour of fire resistance
 P - +1 steam dragon scales
 R - a +3 troll leather armour (worn)
 S - a +0 cloak of cold resistance (worn)
Jewellery
 f - a +5 ring of evasion
 i - a ring of willpower
 j - a +4 ring of protection
 o - the ring of Febreivo (left hand) {rC+ Str+6 Int+4 Dex+3}
   (You found it on level 4 of the Dungeon)

   [ring of strength]

   Str+6:     It affects your strength (+6).
   Int+4:     It affects your intelligence (+4).
   Dex+3:     It affects your dexterity (+3).
   rC+:       It protects you from cold.
 p - the ring "Xomaq" {Wiz +Blink Will+ rCorr Slay-2}
   (You bought it in a shop on level 2 of the Orcish Mines)

   [ring of wizardry]

   Wiz:       It improves your spell success rate.
   Slay-2:    It affects your accuracy & damage with ranged weapons and melee
   (-2).
   Will+:     It increases your willpower.
   +Blink:    It lets you blink.
   rCorr:     It protects you from acid and corrosion.
 q - a ring of resist corrosion
 w - a ring of fire
 D - a +6 ring of intelligence
 Q - a +5 ring of evasion
 T - an amulet of regeneration (around neck)
 U - a ring of see invisible (right hand)
Wands
 A - a wand of charming (15)
 B - a wand of flame (15)
 Y - a wand of light (5)
Scrolls
 a - a scroll of enchant weapon {unknown}
 c - a scroll of noise
 d - 2 scrolls of amnesia {unknown}
 k - a scroll of immolation
 m - 4 scrolls of vulnerability
 n - 9 scrolls of teleportation
 s - a scroll of revelation
 t - 4 scrolls of poison
 y - 2 scrolls of brand weapon
 G - 2 scrolls of blinking
 J - a scroll of acquirement {unknown}
 M - 2 scrolls of fog {unknown}
 O - a scroll of fear {unknown}
 V - a scroll of silence {unknown}
 W - a scroll of identify
Potions
 b - 4 potions of enlightenment
 e - 3 potions of invisibility {unknown}
 g - 3 potions of curing
 l - 3 potions of degeneration {unknown}
 r - 3 potions of haste
 u - 2 potions of cancellation {unknown}
 v - 2 potions of lignification {unknown}
 z - 3 potions of might
 E - 3 potions of brilliance {unknown}
 H - a potion of berserk rage {unknown}
 I - 6 potions of heal wounds
 K - 2 potions of resistance {unknown}
 L - 2 potions of attraction {unknown}
 X - a potion of mutation {unknown}


   Skills:
 - Level 13.0 Armour
 + Level 16.3 Dodging
 - Level 1.5 Stealth
 * Level 16.0 Spellcasting
 * Level 16.0 Conjurations
 * Level 16.0 Hexes
   Level 0.0 Charms
 * Level 16.0 Summonings
 * Level 16.0 Necromancy
 * Level 16.0 Translocations
 * Level 16.0 Transmutations
 * Level 16.0 Fire Magic
 * Level 17.6 Ice Magic
 * Level 16.0 Air Magic
 * Level 16.0 Earth Magic
 * Level 16.0 Poison Magic
 + Level 7.6 Evocations


You knew the following spells:

 Your Spells              Type           Power      Damage    Failure   Level
a - Foxfire               Conj/Fire      100%       2x1d9     0%          1
b - Scorch                Fire           100%       2d9       0%          2
c - Volatile Blastmotes   Fire/Tloc      100%       2d18      0%          3
d - Inner Flame           Hex/Fire       86%        N/A       0%          3
e - Flame Wave            Conj/Fire      86%        2d18      1%          4
f - Sting                 Tmut/Pois      100%       1d8       0%          1
g - Passwall              Tmut/Erth      71%        N/A       0%          2
h - Frozen Ramparts       Ice            100%       1d16      0%          3
i - Mephitic Cloud        Conj/Pois/Air  86%        N/A       0%          3
j - Yara's Violent Unrav  Hex/Tmut       43%        3d17      1%          5
k - Iskenderun's Battles  Conj           86%        2d13      1%          5
l - Starburst             Conj/Fire      43%        6d12      1%          6
m - Dispersal             Tloc           43%        N/A       1%          6
Your spell library was empty.

Dungeon Overview and Level Annotations

Branches:
Dungeon (12/15)            Temple (1/1) D:5            Lair (5/5) D:8
  Swamp (0/4) Lair:2       Spider (0/4) Lair:3        Slime (0/5) Lair:5
    Orc (2/2) D:12            Elf (2/3) Orc:2         IceCv (visited)
Volcano (visited)

Altars:
Ashenzari
Cheibriados
Dithmenos
Elyvilon
Fedhas
Gozag
Hepliaklqana
Makhleb
Nemelex Xobeh
Okawaru
Qazlal
Ru
Trog
Uskayaw
Wu Jian
Xom
Yredelemnul
Zin
The Shining One
Jiyva

Shops:
D:9 (   Orc:2 =:=[   Elf:1 (   Elf:2 [

Portals:
Trove: D:10 (give 9 potions of haste)

Annotations:
D:6 Jeremiah


Innate Abilities, Weirdness & Mutations

You are immune to sickness and miasma.
You are immune to poison.
Your flesh is very heat resistant. (rF++)
You are vulnerable to cold. (rC-)
You float through the air rather than walking.
You learn spells naturally, not from books.
Your magical power is your life essence.
You have superior vitality. (+4 MHP)


Message History

The +4 halberd of pain closely misses you.
The +2 heavy halberd hits you from afar!!
You feel more protected from physical attacks.
The +4 halberd of pain closely misses you.
Casting: Foxfire (safe; 0% risk of failure)
Confirm with . or Enter, or press ? or * to list all spells.
You conjure some foxfire!
The foxfire hits the +4 halberd of pain.
The +4 halberd of pain completely resists.
The +4 halberd of pain is lightly damaged.
Your foxfire is engulfed in freezing vapours.
The foxfire hits the +4 halberd of pain but does no damage.
The +4 halberd of pain is lightly damaged.
Your battlesphere fires!
The barrage of energy hits the +4 halberd of pain!
The +4 halberd of pain is heavily damaged.
You block the +4 halberd of pain's attack.
The +2 heavy halberd hits you from afar!!
Casting: Foxfire (safe; 0% risk of failure)
Confirm with . or Enter, or press ? or * to list all spells.
You conjure some foxfire!
The foxfire hits the +2 heavy halberd but does no damage.
The +2 heavy halberd is almost destroyed.
Your foxfire is engulfed in freezing vapours.
The foxfire hits the +4 halberd of pain.
The +4 halberd of pain resists.
The +4 halberd of pain is heavily damaged.
Your battlesphere fires!
The barrage of energy hits the +4 halberd of pain!
The +4 halberd of pain is almost destroyed.
The +4 halberd of pain hits you from afar!
* * * LOW HITPOINT WARNING * * *
The +1 war axe of pain is engulfed in blazing flames.
The foxfire hits the +1 war axe of pain.
The +1 war axe of pain completely resists.
The +1 war axe of pain is heavily damaged.
The +2 heavy halberd hits you from afar.
* * * LOW HITPOINT WARNING * * *
The +4 halberd of pain hits you from afar!!
You die...

#.# #.########
#.#.....#
#'.....##
#.......#
##..PPP..##
#...P8P○..#
##..P.P§.##
##*.§v@§.#
##'#..(○.## ###
##.##.☼((.#
###.###.#####'###
###.....'## #.#
#[........# #.#
#.........# #.#
#..∩....^.# #e#
#<........# #.#


You could see a deep elf high priest, 3 dancing weapons and a friendly
battlesphere.

Vanquished Creatures
  Donald (Orc:2)
  A deep elf sorcerer (Elf:1)
  A deep elf demonologist (Elf:1)
  4 deep elf death magi
  Josephine (D:11)
  2 hydras
  A vault guard (D:10)
  2 ogre magi (Orc:2)
  Erolcha (D:10)
  2 catoblepae
  12 two-headed ogres
  5 dancing weapons (Elf:1)
  3 death yaks (Lair:5)
  A boulder beetle (D:11)
  6 deep elf knights (Elf:1)
  Urug (Lair:1)
  A skyshark (Lair:5)
  2 spriggan druids (Lair:2)
  2 deep trolls (Orc:2)
  3 deep elf archers
  A bog body (IceCv)
  30 deep elf pyromancers
  An orc sorcerer (Elf:1)
  A necromancer (IceCv)
  2 ugly things (D:12)
  24 deep elf zephyrmancers
  A manticore (D:11)
  5 cyclopes
  16 elephants
  7 black mambas
  2 ice statues (IceCv)
  An unseen horror (D:11)
  7 cane toads
  6 rime drakes
  5 ice devils (IceCv)
  3 anaconda simulacra (IceCv)
  10 komodo dragons
  14 trolls
  A meliai (Lair:3)
  7 polar bears
  22 blink frogs
  6 hornets
  Grinder (D:4)
  3 slime creatures (D:12)
  2 dream sheep (Lair:5)
  14 spriggans (Lair:5)
  An air elemental (Elf:2)
  Sigmund (D:4)
  4 wyverns
  A water elemental (Elf:1)
  5 wraiths
  3 vampires
  4 dire elephant simulacra (IceCv)
  44 yaks
  A vampire mosquito (D:11)
  5 fire elementals
  4 basilisks
  A harpy simulacrum (IceCv)
  A steam dragon (D:10)
  14 two-headed ogre zombies (Orc:1)
  A swamp worm (shapeshifter) (Elf:1)
  2 hydra simulacra (IceCv)
  2 wargs
  An acid dragon (D:9)
  16 water moccasins
  8 hell hounds (Volcano)
  2 ice beasts (D:6)
  A swamp drake (D:9)
  9 orc warriors
  7 black bears
  A sky beast (D:6)
  4 boggarts (Lair:5)
  23 ogres
  7 centaurs
  20 wolves
  A phantom (D:5)
  A kobold brigand (D:11)
  10 bullfrogs
  4 scorpions
  3 earth elementals
  A two-headed ogre simulacrum (IceCv)
  3 gnoll sergeants
  15 wights
  7 killer bees
  8 howler monkeys
  4 electric eels
  A crimson imp (D:9)
  A hound (D:4)
  3 jellies
  10 orc priests
  A gnoll bouda (D:5)
  An iron imp (D:9)
  Jessica (D:2)
  2 iguanas
  15 orc wizards
  A wolf simulacrum (IceCv)
  18 adders
  13 gnolls
  A naga simulacrum (IceCv)
  2 shadow imps
  2 white imps
  3 ufetubi
  4 worms
  2 dart slugs
  71 orcs
  7 bats
  9 endoplasms
  5 giant cockroaches
  6 goblins
  12 hobgoblins
  4 jackals
  6 kobolds
  5 quokkas
  6 ball pythons
  3 frilled lizards
  6 rats
  4 foxfires
719 creatures vanquished.

Vanquished Creatures (collateral kills)
  17 foxfires
17 creatures vanquished.

Vanquished Creatures (others)
  3 orcs (D:9)
  2099 foxfires
2102 creatures vanquished.

Grand Total: 2838 creatures vanquished

Notes
Turn   | Place    | Note
-------+----------+-------------------------------------------
     0 | D:1      | Reached skill level 3 in Ice Magic
     0 | D:1      | Bizboz the Djinni Fire Elementalist began the quest for the
                  | Orb.
     0 | D:1      | Bizboz set off with the following spells memorised:
                  | Foxfire, Scorch, Volatile Blastmotes, Inner Flame, Flame
                  | Wave.
     0 | D:1      | Reached XP level 1. HP: 15/15 MP: 0/0
    58 | D:1      | Reached XP level 2. HP: 16/21 MP: 0/0
   338 | D:1      | Reached XP level 3. HP: 21/25 MP: 0/0
   338 | D:1      | Learned a level 1 spell: Sting
   368 | D:1      | Reached skill level 1 in Armour
   957 | D:2      | Identified the +0 mace of the Noxious God {venom, rN++}
  1101 | D:2      | Reached XP level 4. HP: 23/31 MP: 0/0
  1140 | D:2      | Noticed Jessica
  1147 | D:2      | Killed Jessica
  1433 | D:2      | Found a faded altar of an unknown god.
  1672 | D:2      | Reached XP level 5. HP: 33/35 MP: 0/0
  1672 | D:2      | Learned a level 2 spell: Passwall
  1917 | D:3      | Found a broken altar of Ashenzari.
  2266 | D:3      | Reached skill level 4 in Ice Magic
  2444 | D:3      | Reached XP level 6. HP: 37/40 MP: 0/0
  2949 | D:4      | Noticed Grinder
  2950 | D:4      | Paralysed by Grinder for 5 turns
  3057 | D:4      | Killed Grinder
  3058 | D:4      | Reached XP level 7. HP: 31/45 MP: 0/0
  3058 | D:4      | Learned a level 3 spell: Frozen Ramparts
  3188 | D:4      | Reached skill level 5 in Spellcasting
  3188 | D:4      | Reached skill level 5 in Conjurations
  3188 | D:4      | Reached skill level 5 in Hexes
  3188 | D:4      | Reached skill level 5 in Summonings
  3188 | D:4      | Reached skill level 5 in Necromancy
  3188 | D:4      | Reached skill level 5 in Translocations
  3188 | D:4      | Reached skill level 5 in Transmutations
  3188 | D:4      | Reached skill level 5 in Fire Magic
  3188 | D:4      | Reached skill level 5 in Ice Magic
  3188 | D:4      | Reached skill level 5 in Air Magic
  3188 | D:4      | Reached skill level 5 in Earth Magic
  3188 | D:4      | Reached skill level 5 in Poison Magic
  3406 | D:4      | Noticed Sigmund
  3411 | D:4      | Killed Sigmund
  3412 | D:4      | Reached skill level 5 in Dodging
  3412 | D:4      | Reached XP level 8. HP: 35/50 MP: 0/0
  3502 | D:4      | Identified the ring of Febreivo {rC+ Str+6 Int+4 Dex+3}
  3647 | D:5      | Entered Level 5 of the Dungeon
  4041 | D:5      | Reached skill level 6 in Ice Magic
  4552 | D:5      | Reached skill level 5 in Armour
  4552 | D:5      | Reached XP level 9. HP: 51/55 MP: 0/0
  4552 | D:5      | Learned a level 3 spell: Mephitic Cloud
  4585 | D:5      | Found a staircase to the Ecumenical Temple.
  4594 | Temple   | Entered the Ecumenical Temple
  4619 | Temple   | Became a worshipper of Qazlal Stormbringer
  5262 | D:6      | Noticed a hornet
  5267 | D:6      | Killed a hornet
  5268 | D:6      | Reached skill level 7 in Ice Magic
  5403 | D:6      | Noticed Jeremiah
  6700 | D:7      | Reached XP level 10. HP: 43/60 MP: 0/0
  7468 | D:8      | Found a staircase to the Lair.
  7468 | D:8      | Noticed an elephant
  7478 | D:8      | Killed an elephant
  7478 | D:8      | Reached * piety under Qazlal
  7479 | D:8      | Reached skill level 8 in Ice Magic
  8293 | D:9      | Noticed a two-headed ogre
  8626 | D:9      | Noticed a two-headed ogre
  8665 | D:9      | Killed a two-headed ogre
  8711 | D:9      | Found a shimmering altar of Xom.
  8896 | D:9      | Reached XP level 11. HP: 48/65 MP: 0/0
  8896 | D:9      | Learned a level 5 spell: Yara's Violent Unravelling
  8900 | D:9      | Reached skill level 9 in Ice Magic
  9060 | D:9      | Found Wovaiqon's Weapon Emporium.
  9334 | D:9      | Killed a two-headed ogre
  9538 | D:9      | Reached ** piety under Qazlal
  9546 | D:9      | Noticed a deep elf zephyrmancer
  9547 | D:9      | Killed a deep elf zephyrmancer
  9582 | D:9      | Noticed a deep elf zephyrmancer
  9586 | D:9      | Killed a deep elf zephyrmancer
 10057 | D:9      | Found a sacrificial altar of Ru.
 10172 | Lair:1   | Entered Level 1 of the Lair of Beasts
 10197 | Lair:1   | Noticed Urug
 10210 | Lair:1   | Found a dark tunnel.
 10223 | Lair:1   | Killed Urug
 10471 | Volcano  | Entered a volcano
 10572 | Volcano  | Noticed a deep elf pyromancer
 10576 | Volcano  | Reached skill level 10 in Dodging
 10579 | Volcano  | Killed a deep elf pyromancer
 10580 | Volcano  | Reached skill level 10 in Spellcasting
 10580 | Volcano  | Reached skill level 10 in Conjurations
 10580 | Volcano  | Reached skill level 10 in Hexes
 10580 | Volcano  | Reached skill level 10 in Summonings
 10580 | Volcano  | Reached skill level 10 in Necromancy
 10580 | Volcano  | Reached skill level 10 in Translocations
 10580 | Volcano  | Reached skill level 10 in Transmutations
 10580 | Volcano  | Reached skill level 10 in Fire Magic
 10580 | Volcano  | Reached skill level 10 in Ice Magic
 10580 | Volcano  | Reached skill level 10 in Air Magic
 10580 | Volcano  | Reached skill level 10 in Earth Magic
 10580 | Volcano  | Reached skill level 10 in Poison Magic
 10587 | Volcano  | Noticed a deep elf pyromancer
 10591 | Volcano  | Noticed a deep elf pyromancer
 10593 | Volcano  | Noticed a deep elf pyromancer
 10597 | Volcano  | Killed a deep elf pyromancer
 10600 | Volcano  | Killed a deep elf pyromancer
 10601 | Volcano  | Reached XP level 12. HP: 44/70 MP: 0/0
 10616 | Volcano  | Reached *** piety under Qazlal
 10806 | Volcano  | HP: 3/70 [deep elf archer/arrow (23)]
 10806 | Volcano  | HP: 1/70 [deep elf archer/arrow (2)]
 11397 | Lair:1   | Identified the +5 flail "Ylafeerph" {drain, rPois}
 11511 | Lair:1   | Reached skill level 11 in Ice Magic
 11515 | Lair:1   | Reached skill level 10 in Armour
 12394 | Lair:2   | Reached XP level 13. HP: 21/75 MP: 0/0
 12394 | Lair:2   | Learned a level 5 spell: Iskenderun's Battlesphere
 13670 | Lair:2   | Found a staircase to the Swamp.
 14042 | Lair:2   | Reached **** piety under Qazlal
 14370 | Lair:3   | Reached skill level 12 in Ice Magic
 14753 | Lair:3   | Found a hole to the Spider Nest.
 14899 | Lair:3   | Noticed a six-headed hydra
 14904 | Lair:3   | Killed a six-headed hydra
 15498 | Lair:4   | Noticed a catoblepas
 15507 | Lair:4   | Reached XP level 14. HP: 27/80 MP: 0/0
 16332 | Lair:4   | Found the +8 whip "Snakebite" {venom, curare, rPois}
 16500 | Lair:5   | Entered Level 5 of the Lair of Beasts
 16613 | Lair:5   | Reached ***** piety under Qazlal
 16641 | Lair:5   | Reached skill level 13 in Ice Magic
 18359 | Lair:5   | Found a viscous altar of Jiyva.
 18360 | Lair:5   | Found a staircase to the Slime Pits.
 18474 | Lair:5   | Reached XP level 15. HP: 12/85 MP: 0/0
 18474 | Lair:5   | Learned a level 6 spell: Starburst
 19026 | Lair:5   | Identified the +5 scale mail of Tulips {rF+ Will+ MP-9
                  | Stlth+}
 19537 | D:10     | Entered Level 10 of the Dungeon
 19636 | D:10     | Reached ****** piety under Qazlal
 19640 | D:10     | Noticed Erolcha
 19646 | D:10     | Killed Erolcha
 19853 | D:10     | Found a portal to a secret trove of treasure.
 19996 | D:10     | Found a snail-covered altar of Cheibriados.
 20094 | D:11     | Noticed Josephine
 20098 | D:11     | Killed Josephine
 20099 | D:11     | Reached skill level 14 in Ice Magic
 20110 | D:11     | Found a frozen archway.
 20131 | IceCv    | Entered an ice cave
 20565 | IceCv    | Reached skill level 1 in Evocations
 22286 | D:12     | Found a staircase to the Orcish Mines.
 22832 | Orc:1    | Entered Level 1 of the Orcish Mines
 23182 | Orc:1    | Reached skill level 15 in Ice Magic
 24234 | Orc:2    | Entered Level 2 of the Orcish Mines
 24399 | Orc:2    | Reached skill level 15 in Dodging
 24414 | Orc:2    | Reached XP level 16. HP: 37/90 MP: 0/0
 24661 | Orc:2    | Reached skill level 15 in Spellcasting
 24661 | Orc:2    | Reached skill level 15 in Conjurations
 24661 | Orc:2    | Reached skill level 15 in Hexes
 24661 | Orc:2    | Reached skill level 15 in Summonings
 24661 | Orc:2    | Reached skill level 15 in Necromancy
 24661 | Orc:2    | Reached skill level 15 in Translocations
 24661 | Orc:2    | Reached skill level 15 in Transmutations
 24661 | Orc:2    | Reached skill level 15 in Fire Magic
 24661 | Orc:2    | Reached skill level 15 in Air Magic
 24661 | Orc:2    | Reached skill level 15 in Earth Magic
 24661 | Orc:2    | Reached skill level 15 in Poison Magic
 24661 | Orc:2    | Reached skill level 5 in Evocations
 25059 | Orc:2    | Found a staircase to the Elven Halls.
 25124 | Orc:2    | Noticed Donald
 25413 | Orc:2    | Killed Donald
 25445 | Orc:2    | Found Foycw's Jewellery Shoppe.
 25448 | Orc:2    | Found Peiraiph's Armour Shop.
 25457 | Orc:2    | Found Ehimerch's Book Boutique.
 25458 | Orc:2    | Found Sarchetei's Jewellery Boutique.
 25471 | Orc:2    | Bought the ring "Xomaq" {Wiz +Blink Will+ rCorr Slay-2} for
                  | 608 gold pieces
 25471 | Orc:2    | Bought an amulet of regeneration for 390 gold pieces
 25788 | Orc:2    | Bought a ring of see invisible for 195 gold pieces
 25885 | Elf:1    | Entered Level 1 of the Elven Halls
 25893 | Elf:1    | Reached skill level 16 in Ice Magic
 26525 | Elf:1    | Found Guaschaj's Weapon Shoppe.
 26666 | Elf:1    | Reached skill level 17 in Ice Magic
 27008 | Elf:1    | Noticed a deep elf sorcerer
 27036 | Elf:1    | Killed a deep elf sorcerer
 27046 | Elf:1    | Reached XP level 17. HP: 68/94 MP: 0/0
 27046 | Elf:1    | Learned a level 6 spell: Dispersal
 27767 | Elf:2    | Found Ojex Rup's Armour Shop.
 28009 | Elf:2    | Mangled by a +4 halberd of pain

Illustrated notes

Levels and vault maps discovered:
D:1:      psy_arrival_dodecagon, layout_rooms, serial_glass, glass_columns_b,
          glass_columns_b, minmay_octomino_j4
D:2:      layout_basic, shapermc_ecumenical_altar_venn, st_stairs_14,
          serial_bayou_ford_a, uniq_jessica
D:3:      layout_loops_corners, nicolae_sif_muna_condensation,
          mainiacjoe_overflow_small_starburst
D:4:      layout_layer_cave, lemuel_crystal_altar, uniq_sigmund, uniq_grinder
D:5:      layout_rooms, minmay_temple_entry_fiery, grunt_decor_arrowhead,
          dreamdust_mushroom_princess, grunt_ministairs_10
D:6:      layout_basic, uniq_jeremiah
D:7:      layout_layer_cave, roderic_lattice_a, minmay_misc_feat_enclosed
D:8:      layout_cave_pools, grunt_lair_entry_orc_guard_hut,
          dreamdust_wishing_well, roderic_roman_lattice,
          nicolae_figureground_pulse
D:9:      layout_basic, lemuel_doored_altar,
          mainiacjoe_overflow_six_doors_small, serial_shops,
          nicolae_shop_waterfront, hangedman_minor_magic
D:10:     layout_rooms, cheibrodos_worm_habitat, enter_trove_5, uniq_erolcha
D:11:     layout_gridville, portal_ice_cave_entry_pillars_2,
          kennysheep_kite_vault, uniq_josephine
D:12:     layout_long_grid, hiddenorc2_lemuel
Temple:   regret_index_temple_sphere_string
Lair:1:   layout_cave_pods, lightli_volcano_entry_magma_tube, uniq_urug
Lair:2:   layout_regular_city, mainiacjoe_swamp_entry_angry_trees
Lair:3:   layout_roguey, hellmonk_spider_entry_not_the_bees
Lair:4:   minmay_guarded_unrand_snakebite, layout_regular_city
Lair:5:   minmay_lair_end_enchanted_forest, layout_gridlike,
          dpeg_slime_entry_corner
Orc:1:    lemuel_ogre_cave, layout_diamond_mine
Orc:2:    st_orc_open, layout_caves, uniq_donald
Elf:1:    elf_arrival_002, layout_loops_corners, serial_shops,
          nicolae_shop_behind_doors, minmay_elf_crystal_heptagon,
          minmay_elf_sorcery
Elf:2:    nicolae_elf_blades_crystal_corner, layout_geoelf_octagon,
          serial_shops, shop

Skill      XL: |  1  2  3  4  5  6  7  8  9 10 11 12 13 14 15 16 17 |
---------------+----------------------------------------------------+-----
Spellcasting   | 4 5 6 7 8 10 11 12 13 14 15 16 | 16.0
Conjurations   | 4 5 6 7 8 10 11 12 13 14 15 16 | 16.0
Hexes          | 4 5 6 7 8 10 11 12 13 14 15 16 | 16.0
Summonings     | 4 5 6 7 8 10 11 12 13 14 15 16 | 16.0
Necromancy     | 4 5 6 7 8 10 11 12 13 14 15 16 | 16.0
Translocations | 4 5 6 7 8 10 11 12 13 14 15 16 | 16.0
Transmutations | 4 5 6 7 8 10 11 12 13 14 15 16 | 16.0
Fire Magic     | 4 5 6 7 8 10 11 12 13 14 15 16 | 16.0
Ice Magic      | 4 5 6 7 8 10 11 12 13 15 17 | 17.6
Air Magic      | 4 5 6 7 8 10 11 12 13 14 15 16 | 16.0
Earth Magic    | 4 5 6 7 8 10 11 12 13 14 15 16 | 16.0
Poison Magic   | 4 5 6 7 8 10 11 12 13 14 15 16 | 16.0
Armour         | 1 2 3 5 6 7 9 10 11 12 13 | 13.0
Dodging        | 3 4 5 6 7 8 10 11 12 14 15 16 | 16.3
Evocations     | 4 7 |  7.6
Stealth        | |  1.5

Action                     |  1- 3 |  4- 6 |  7- 9 | 10-12 | 13-15 | 16-18 || total
---------------------------+-------+-------+-------+-------+-------+-------++-------
  Melee: Mace              |    16 |    41 |    28 |    29 |    55 |     1 ||   170
         Punch             |       |     1 |       |       |     3 |       ||     4
   Cast: Foxfire           |    73 |    76 |   212 |   163 |   523 |   186 ||  1233
         Flame Wave        |       |       |     6 |    31 |    32 |       ||    69
         Frozen Ramparts   |       |       |     4 |    20 |    30 |       ||    54
         Mephitic Cloud    |       |       |       |    35 |    23 |     9 ||    67
         Iskenderun's Batt |       |       |       |       |   105 |    48 ||   153
         Sting             |       |       |       |       |     1 |       ||     1
         Starburst         |       |       |       |       |   117 |    63 ||   180
         Passwall          |       |       |       |       |       |     1 ||     1
    Use: Scroll            |       |       |     5 |     2 |    11 |     5 ||    23
         Potion            |       |       |       |     2 |     2 |     1 ||     5
   Stab: Sleeping          |     1 |       |     1 |       |       |       ||     2
         Confused          |       |       |       |     1 |     6 |       ||     7
 Armour: Robe              |    15 |    43 |    54 |    84 |     3 |       ||   199
         Leather armour    |       |       |       |    19 |   149 |       ||   168
         Steam dragon scal |       |       |       |       |     2 |       ||     2
         Troll leather arm |       |       |       |       |       |    69 ||    69
  Dodge: Dodged            |    19 |    50 |    76 |   107 |   245 |   107 ||   604
         Repelled          |       |       |       |       |     2 |     9 ||    11
  Block: Other             |       |       |       |    14 |    84 |    24 ||   122

Table legend: (Time is in decaauts)
 A = Elapsed time spent in this place.
 B = Non-inter-level travel time spent in this place.
 C = Inter-level travel time spent in this place.
 D = Time resting spent in this place.
 E = Time spent auto-exploring this place.
 F = Levels seen in this place.
 G = Mean time per level.
                   A        B        C        D        E       F      G
               +--------+--------+--------+--------+--------+-----+--------+
         Total |  28084 |  27477 |    607 |      7 |  13352 |  24 | 1170.2 |
       Dungeon |  12671 |  12301 |    370 |      7 |   7558 |  12 | 1055.9 |
        Temple |     50 |      2 |     48 |      0 |      0 |   1 |   50.0 |
          Lair |   8711 |   8597 |    114 |      0 |   3791 |   5 | 1742.2 |
  Orcish Mines |   3177 |   3103 |     74 |      0 |   1007 |   2 | 1588.5 |
   Elven Halls |   1994 |   1994 |      0 |      0 |    182 |   2 |  997.0 |
      Ice Cave |    829 |    829 |      0 |      0 |    400 |   1 |  829.0 |
       Volcano |    648 |    648 |      0 |      0 |    414 |   1 |  648.0 |
               +--------+--------+--------+--------+--------+-----+--------+

Top non-repeatable levels by time:
  Lair:5: 2661 daAuts
   Orc:1: 2001 daAuts
  Lair:2: 1869 daAuts
   Elf:1: 1825 daAuts
  Lair:1: 1727 daAuts
     D:7: 1599 daAuts
  Lair:4: 1484 daAuts
     D:9: 1420 daAuts
     D:8: 1318 daAuts
     D:2: 1245 daAuts
    D:11: 1205 daAuts
   Orc:2: 1175 daAuts
     D:5: 1162 daAuts
     D:3: 1136 daAuts
     D:6: 1034 daAuts
